Map: Automaton LE

Players

Piroxiljin - Winner!

  • Race: Terran Terran
  • Spawn Location: 3:00

A.I. 1 (Hard)

  • Race: Terran Terran
  • Spawn Location: 9:00

VOD

Have the link to the VOD?

Description

Time

  • Played on: Jan. 20, 2019, 3:53 a.m.
  • Length: 17:25
Show
View Real Time Build Order
Export as new Build Order

Piroxiljin Terran - Winner!

Build Orders:  

Get SALT Encoding   

  12  0:01  SCV  
  13  0:14  SCV  
  14  0:25  Supply Depot  
  14  0:26  SCV  
  15  0:37  Refinery  
  15  0:46  SCV  
  16  0:50  Barracks  
  16  0:58  SCV  
  17  1:10  SCV  
  18  1:17  Barracks  
  18  1:22  SCV  
  19  1:35  SCV  
  19  1:37  Supply Depot  
  19  1:38  Barracks Reactor  
  20  1:52  SCV  
  20  1:54  Refinery  
  21  2:03  Factory  
  21  2:07  Barracks Tech Lab  
  21  2:20  Supply Depot  
  21  2:21  Marine x2  
  23  2:28  Concussive Shells  
  23  2:30  SCV  
  24  2:43  Orbital Command  
  24  2:51  Marauder  
  26  2:54  Engineering Bay  
  26  3:03  Hellion  
  30  3:05  Hellion  
  30  3:08  Barracks Tech Lab  
  30  3:17  Supply Depot  
  30  3:22  Terran Infantry Weapons Level 1  
  30  3:26  Marauder  
  32  3:42  Marauder  
  32  3:44  Factory  
  34  4:14  Hellion  
  38  4:17  Hellion  
  38  4:19  Marauder  
  40  4:40  SCV  
  40  4:43  Barracks Tech Lab  
  41  4:54  Command Center  
  41  5:13  Cyclone  
  44  5:22  Hellion  
  44  5:26  Supply Depot  
  46  5:45  Terran Infantry Armor Level 1  
  46  5:48  Cyclone, Hellion  
  46  5:49  SCV  
  52  5:52  Supply Depot  
  52  5:53  Supply Depot  
  39  6:08  Hellion  
  39  6:09  Hellion  
  41  6:12  Marauder  
  41  6:17  Marine  
  44  6:20  Cyclone  
  47  6:33  Marine  
  47  6:34  Hellion x2  
  47  6:36  SCV  
  53  6:51  Armory  
  53  6:57  Supply Depot  
  53  7:13  Hellion  
  53  7:14  Hellion  
  53  7:15  Siege Tank  
  60  7:17  Marine  
  60  7:21  SCV  
  62  7:24  SCV  
  63  7:33  SCV, Marine  
  65  7:41  Supply Depot  
  65  7:42  Terran Vehicle Weapons Level 1  
  65  7:54  Combat Shield  
  65  7:57  Drilling Claws  
  38  8:25  Siege Tank  
  41  8:28  Marauder x2  
  45  8:34  SCV  
  46  8:42  Refinery  
  46  8:46  SCV, Refinery  
  46  8:47  Orbital Command  
  47  8:53  Marauder x2  
  51  8:57  Siege Tank  
  54  9:14  Widow Mine x2  
  58  9:23  SCV  
  56  10:15  Siege Tank  
  56  10:16  Marauder  
  56  10:17  Marauder  
  63  10:27  Supply Depot  
  63  10:29  Supply Depot  
  63  10:31  Terran Vehicle And Ship Armor Level 1  
  63  10:32  SCV  
  63  10:33  Terran Infantry Weapons Level 2  
  64  10:37  Marine x2  
  66  10:43  Starport  
  66  10:46  SCV, Factory  
  66  10:47  Siege Tank  
  70  10:54  SCV  
  70  10:57  Widow Mine x2  
  75  11:00  Marine  
  76  11:16  SCV  
  77  11:18  Marine  
  77  11:19  Hellbat  
  80  11:39  SCV  
  81  11:40  Siege Tank  
  81  11:44  Hellbat  
  81  11:45  Hellbat  
  88  11:48  Starport Tech Lab  
  88  12:13  Siege Tank, Thor  
  88  12:15  Marine x2  
  99  12:23  Raven  
  101  12:45  Siege Tank  
  104  12:56  Thor  
  101  13:16  Thor  
  102  13:29  Barracks Tech Lab  
  102  13:39  SCV, Thor  
  102  13:40  SCV  
  110  13:43  Marauder  
  110  13:47  Terran Infantry Armor Level 2  
  112  13:48  Command Center  
  112  13:51  SCV  
  112  13:53  SCV  
  111  13:59  Thor  
  114  14:05  Marauder  
  116  14:25  Marine  
  116  14:26  SCV  
  118  14:34  Supply Depot  
  118  14:37  Supply Depot  
  118  14:45  SCV x2, Marine  
  114  14:58  Supply Depot  
  114  15:00  Supply Depot  
  114  15:21  Medivac  
  105  15:51  Medivac  
  106  16:40  SCV  
  107  16:52  SCV  
  108  16:56  Refinery  
  108  17:01  Refinery  
  108  17:05  SCV  
Show
View Real Time Build Order
Export as new Build Order

A.I. 1 (Hard) Terran 

Build Orders:  

Get SALT Encoding   

  12  0:00  SCV  
  13  0:13  SCV  
  14  0:20  Supply Depot  
  14  0:25  SCV  
  15  0:41  SCV  
  16  0:46  Barracks  
  16  0:50  Refinery  
  16  0:53  SCV  
  17  1:05  SCV  
  18  1:17  SCV  
  19  1:24  Supply Depot  
  19  1:33  SCV, Marine  
  21  1:46  Orbital Command  
  21  1:54  Barracks Tech Lab, Supply Depot  
  21  2:04  Barracks  
  21  2:12  Marine  
  22  2:25  SCV  
  23  2:30  Marine  
  23  2:34  Refinery  
  24  2:37  SCV  
  24  2:40  Supply Depot  
  25  2:48  Marine  
  25  2:49  SCV  
  25  2:50  Engineering Bay  
  25  2:51  Marine  
  28  3:01  SCV  
  29  3:05  Marine  
  29  3:09  Marine  
  31  3:13  SCV  
  32  3:24  Marauder  
  32  3:26  SCV  
  35  3:45  Marauder  
  37  4:05  Barracks Tech Lab  
  37  4:06  Terran Infantry Weapons Level 1, Stimpack, Marauder  
  37  4:08  Factory  
  39  4:10  Supply Depot  
  39  4:24  Concussive Shells  
  39  4:25  Missile Turret  
  39  4:26  SCV  
  39  4:28  Reaper  
  39  4:29  Marine  
  41  4:34  Missile Turret  
  41  4:47  Marauder  
  41  4:52  Factory Tech Lab  
  43  4:54  Bunker  
  43  4:59  Marine  
  40  5:06  Combat Shield  
  41  5:09  Marauder  
  41  5:10  Factory  
  43  5:18  Marauder  
  45  5:30  Marine  
  45  5:33  Barracks  
  46  5:39  Marine, Command Center  
  47  5:48  Reaper  
  48  5:53  Starport  
  48  5:55  Factory Tech Lab, Supply Depot  
  48  5:56  Marine  
  43  6:14  Terran Infantry Armor Level 1, Marine  
  44  6:19  Marine  
  45  6:29  Starport Tech Lab  
  47  6:33  Marauder  
  47  6:34  Reaper  
  48  6:51  Raven, SCV  
  48  6:53  SCV  
  52  6:59  Refinery  
  52  7:03  SCV, Missile Turret  
  52  7:04  Missile Turret  
  52  7:05  SCV  
  54  7:10  Refinery  
  54  7:15  SCV  
  54  7:17  SCV  
  56  7:25  Bunker  
  56  7:26  Sensor Tower  
  56  7:28  SCV  
  56  7:29  SCV  
  58  7:33  Raven  
  60  7:39  Armory  
  60  7:40  SCV  
  60  7:41  SCV  
  62  7:44  Barracks Reactor  
  62  7:52  SCV  
  62  7:53  SCV  
  63  8:04  SCV  
  64  8:07  Starport  
  64  8:11  Marine  
  57  8:17  Siege Tank  
  55  8:23  Widow Mine  
  55  8:27  Medivac  
  59  8:28  Marine  
  60  8:34  Marine  
  60  8:40  Marine  
  62  8:43  Medivac  
  62  8:45  Marine  
  62  8:46  Supply Depot  
  65  8:51  Marine  
  66  8:57  Medivac, Marine  
  69  9:09  Marauder  
  71  9:11  Supply Depot  
  71  9:14  Starport Tech Lab  
  71  9:15  Marauder  
  73  9:27  Viking  
  73  9:31  Marauder  
  72  9:32  Raven, Command Center  
  72  9:37  Marauder  
  72  9:38  Marine  
  72  9:44  Marine  
  74  9:52  Marine  
  75  9:58  Marauder  
  76  10:01  Thor  
  82  10:07  Siege Tank  
  82  10:13  Supply Depot, Marauder  
  87  10:19  Viking  
  89  10:28  Terran Infantry Weapons Level 2  
  89  10:34  SCV  
  90  10:36  SCV, Supply Depot  
  90  10:40  Widow Mine  
  93  10:44  Siege Tank  
  93  10:46  SCV  
  93  10:47  SCV  
  93  10:49  SCV  
  99  10:57  Terran Vehicle Weapons Level 1  
  99  10:58  SCV  
  99  10:59  SCV  
  99  11:01  SCV  
  102  11:10  SCV  
  103  11:12  SCV  
  103  11:13  SCV  
  105  11:21  Missile Turret  
  105  11:23  SCV  
  105  11:24  SCV  
  107  11:25  SCV  
  107  11:26  Missile Turret  
  107  11:31  Ghost Academy  
  108  11:35  SCV  
  108  11:37  SCV, Fusion Core  
  108  11:38  SCV  
  111  11:46  Engineering Bay  
  112  11:47  SCV  
  112  11:48  Supply Depot  
  112  11:49  SCV  
  112  11:52  SCV, Bunker  
  114  11:59  SCV  
  114  12:00  Armory  
  114  12:01  SCV  
  115  12:04  SCV  
  116  12:11  SCV, Terran Infantry Armor Level 2  
  117  12:21  Refinery  
  117  12:26  Refinery  
  117  12:34  Hellion  
  117  12:36  Supply Depot  
  119  12:38  Hellion  
  119  12:42  Viking  
  123  12:47  Terran Vehicle And Ship Armor Level 1, Terran Infantry Weapons Level 3  
  123  12:51  Terran Ship Weapons Level 1  
  123  12:55  Hellion  
  125  13:00  Supply Depot, Hellion  
  125  13:03  SCV  
  125  13:05  Marine  
  126  13:09  Marine  
  109  13:14  Marine  
  109  13:18  Marine  
  88  13:23  Marauder  
  90  13:27  Marine  
  90  13:32  Marine  
  92  13:36  Marine  
  93  13:44  Marine  
  93  13:46  Marauder  
  91  13:49  Marine  
  91  13:54  Marine  
  82  14:00  Raven  
  82  14:01  Siege Tank  
  80  14:03  Marauder  
  80  14:06  Marine  
  80  14:09  Raven  
  67  14:10  Siege Tank  
  67  14:14  Marine  
  57  14:19  SCV, Marine  
  61  14:24  Marauder  
  61  14:28  Marauder  
  62  14:34  Hellion  
  64  14:42  Hellion  
  64  14:43  Medivac  
  62  14:45  Marauder  
  62  14:51  Marine  
  62  14:52  Viking  
  50  14:55  Marine  
  50  14:58  SCV  
  50  14:59  Marine  
  48  15:00  SCV  
  45  15:08  Marine  
  45  15:09  Marine  
  45  15:10  SCV  
  45  15:13  Raven, Marine  
  50  15:14  SCV  
  50  15:17  Marine  
  49  15:22  Raven  
  49  15:25  SCV  
  49  15:26  Marine x2  
  49  15:27  SCV  
  52  15:31  Marine  
  52  15:34  Siege Tank  
  48  15:37  SCV  
  48  15:39  SCV  
  41  15:43  Hellion  
  41  15:44  Marauder  
  41  15:48  Marauder  
  41  15:49  SCV  
  48  15:53  SCV  
  48  15:56  Raven  
  49  16:03  SCV  
  47  16:05  Widow Mine  
  47  16:06  SCV, Marauder  
  47  16:07  Marine  
  47  16:12  Viking  
  47  16:15  SCV  
  47  16:17  Hellion  
  17  17:10  SCV  
Tags
 
Matchup
TvT
Race
Terran
Spawn Locations
Cross Positions
Add a new tag
Caveats
  • Supply blocks, unpowered buildings, or Contaminate may cause inaccurate times.
  • Supply counts are checked every 10 seconds.